 Dungeon Crawl Stone Soup version 0.24-a0-458-gfcb5e6da0e (webtiles) character file.

Game seed: 11032599662362860980

4320 zero the Nimble (level 10, -1/82 HPs)
             Began as a Merfolk Berserker on June 26, 2019.
             Was a High Priest of Trog.
             Slain by an orc
             ... wielding a +1 falchion of holy wrath
              (5 damage)
             ... while paralysed
             ... on level 9 of the Dungeon.
             The game lasted 00:10:02 (8780 turns).

zero the Nimble (Merfolk Berserker)                 Turns: 8780, Time: 00:10:03

Health: -1/82      AC:  4    Str: 22    XL:     10   Next: 33%
Magic:  0/11       EV:  2    Int:  6    God:    Trog [*****.]
Gold:   193        SH:  0    Dex: 20    Spells: 9/9 levels left

rFire    + . .     SeeInvis .   o - +0 scythe
rCold    + . .     Gourm    .   (shield currently unavailable)
rNeg     . . .     Faith    .   b - +0 animal skin
rPois    .         Spirit   +   (no helmet)
rElec    .         Reflect  .   l - scarf {cloud immunity}
rCorr    .         Harm     .   n - +1 pair of gloves of Patience {rF+ rC+ Dex+7}
MR       +....                  (no boots)
Stlth    ++........             y - amulet of guardian spirit
HPRegen  0.23/turn              e - +2 ring of evasion
MPRegen  0.12/turn              D - ring of protection from magic

@: paralysed, berserk cooldown, slowed
A: change form in water, swift swim, stealthy swim
a: Berserk, Trog's Hand, Brothers in Arms, Renounce Religion


You were on level 9 of the Dungeon.
You worshipped Trog.
Trog was extremely pleased with you.
You were very hungry.

You visited 1 branch of the dungeon, and saw 9 of its levels.

You collected 528 gold pieces.
You spent 335 gold pieces at shops.

Inventory:

Hand Weapons
 o - a +0 scythe (weapon)
Missiles
 p - 8 boomerangs (quivered)
Armour
 b - a +0 animal skin (worn)
 l - a scarf of cloud immunity (worn)
 n - the +1 pair of gloves of Patience (worn) {rF+ rC+ Dex+7}
   (You found it on level 4 of the Dungeon)

   It affects your dexterity (+7).
   It protects you from fire.
   It protects you from cold.
Jewellery
 e - a +2 ring of evasion (left hand)
 y - an amulet of guardian spirit (around neck)
 D - a ring of protection from magic (right hand)
Wands
 z - a wand of scattershot (5)
Scrolls
 d - 4 scrolls of blinking {unknown}
 f - 3 scrolls of teleportation {unknown}
 g - a scroll of fog {unknown}
 j - a scroll of amnesia {unknown}
 k - 9 scrolls of identify {unknown}
 q - a scroll of enchant armour {unknown}
 v - 2 scrolls of immolation {unknown}
 w - 3 scrolls of remove curse {unknown}
Potions
 a - a potion of curing {unknown}
 h - 3 potions of haste {unknown}
 i - 5 potions of heal wounds {unknown}
 m - 2 potions of brilliance {unknown}
 r - a potion of degeneration {unknown}
 s - a potion of invisibility {unknown}
 t - a potion of might {unknown}
 u - 2 potions of flight {unknown}
 x - 2 potions of berserk rage {unknown}
 A - a potion of ambrosia {unknown}
 B - a potion of mutation {unknown}
 C - a potion of resistance {unknown}
Comestibles
 c - 14 rations


   Skills:
 + Level 8.4 Fighting
 + Level 12.1 Polearms
 - Level 1.3 Armour
 * Level 12.7 Dodging
 + Level 1.5 Evocations


You had 9 spell levels left.
You didn't know any spells.
Your spell library was empty.

Dungeon Overview and Level Annotations

Branches:
Dungeon (9/15)             Temple (0/1) D:4
   Lair: D:8-11         Orc: D:9-12

Altars:
Cheibriados
Fedhas
Hepliaklqana
Kikubaaqudgha
Nemelex Xobeh
The Shining One

Shops:
D:4 *   D:5 *

Annotations:
D:7 2 transporters, Wiebster667's ghost, novice HuFi


Message History

The troll completely misses you. The orc priest completely misses you.
You hit the troll.
The troll is almost dead.
The orc closely misses you. The troll completely misses you.
The troll claws you! The troll closely misses you.
The orc priest closely misses you.
You closely miss the troll.
The troll is almost dead.
You are no longer berserk.
You pass out from exhaustion.
You feel yourself slow down. The troll bites you but does no damage.
The troll claws you. The troll claws you but does no damage.
The orc hits you with a +1 falchion of holy wrath.
The orc priest hits you. The troll bites you! The troll claws you!
* * * LOW HITPOINT WARNING * * *
The troll claws you!
* * * LOW HITPOINT WARNING * * *
The orc hits you with a +1 falchion of holy wrath.
You die...

.# #.........
..##........##.
...............
.............#
#...........
#.........#
#..)To.#
...##.@o.##
........<..#
.(....[....#
...###.#).## ..
####.# . ##


You could see a troll, an orc priest and an orc.

Vanquished Creatures
  A two-headed ogre (D:8)
  Pikel (D:6)
  A wyvern (D:8)
  Sigmund (D:4)
  A water moccasin (D:5)
  4 orc warriors
  A sky beast (D:6)
  2 slaves (D:6)
  A black bear (D:8)
  2 ice beasts (D:8)
  3 ogres
  A phantom (D:7)
  A centaur (D:6)
  A big kobold (D:8)
  4 bullfrogs
  A gnoll sergeant (D:6)
  2 scorpions
  4 crimson imps
  A quasit (D:7)
  2 bullfrog zombies
  A centaur zombie (D:8)
  4 hounds
  3 orc priests
  2 iguanas
  7 orc wizards
  7 worker ants
  A killer bee zombie (D:8)
  A hound skeleton (D:5)
  A mummy (D:4)
  4 gnolls
  12 adders
  3 shadow imps
  An ooze (D:5)
  An adder skeleton (D:8)
  2 worms
  2 dart slugs
  3 leopard geckos
  24 orcs
  10 bats
  5 giant cockroaches
  13 goblins
  11 hobgoblins
  6 jackals
  A quokka (D:5)
  A ball python (D:6)
  2 frilled lizards
  A giant cockroach zombie (D:5)
  17 kobolds
  A quokka zombie (D:8)
  8 rats
190 creatures vanquished.

Notes
Turn   | Place    | Note
-------+----------+-------------------------------------------
     0 | D:1      | zero the Merfolk Berserker began the quest for the Orb.
     0 | D:1      | Reached XP level 1. HP: 18/18 MP: 1/1
    81 | D:1      | Reached skill level 5 in Polearms
    81 | D:1      | Reached XP level 2. HP: 24/24 MP: 2/2
   234 | D:1      | Reached XP level 3. HP: 18/29 MP: 3/3
   437 | D:1      | Reached ** piety under Trog
  1036 | D:2      | Reached XP level 4. HP: 25/35 MP: 4/4
  1377 | D:2      | Reached XP level 5. HP: 7/41 MP: 5/5
  2627 | D:3      | Found a hazy altar of Hepliaklqana.
  2630 | D:3      | Found an ancient bone altar of Kikubaaqudgha.
  2789 | D:3      | Reached *** piety under Trog
  3283 | D:4      | Reached XP level 6. HP: 23/48 MP: 6/6
  3419 | D:4      | Found a sand-covered staircase.
  3427 | D:4      | Reached skill level 5 in Dodging
  3579 | D:4      | Found a staircase to the Ecumenical Temple.
  3615 | D:4      | Got a pair of warped gloves
  3621 | D:4      | Identified the +1 pair of gloves of Patience {rF+ rC+
                  | Dex+7} (You found it on level 4 of the Dungeon)
  3696 | D:4      | Reached XP level 7. HP: 48/55 MP: 7/7
  3968 | D:4      | Found Hangetz's Elemental Accessories.
  4408 | D:4      | Noticed Sigmund
  4420 | D:4      | Killed Sigmund
  4474 | D:5      | Entered Level 5 of the Dungeon
  4476 | D:5      | Found a snail-covered altar of Cheibriados.
  4484 | D:5      | Reached skill level 5 in Fighting
  4813 | D:5      | Reached XP level 8. HP: 60/62 MP: 8/8
  5245 | D:5      | Found Ryapte's Assorted Antiques.
  5248 | D:5      | Bought a square malachite amulet for 130 gold pieces
  5248 | D:5      | Bought an ivory wand for 104 gold pieces
  5248 | D:5      | Bought a scroll labeled TUNGINKUTI for 26 gold pieces
  5248 | D:5      | Bought a scroll labeled ANLIRU SOSIMEO for 26 gold pieces
  5248 | D:5      | Bought a scroll labeled ANLIRU SOSIMEO for 26 gold pieces
  5248 | D:5      | Bought a sapphire potion for 23 gold pieces
  5652 | D:6      | Reached skill level 10 in Polearms
  6183 | D:6      | Reached **** piety under Trog
  6183 | D:6      | Reached XP level 9. HP: 71/71 MP: 7/9
  6186 | D:6      | Reached skill level 10 in Dodging
  6492 | D:6      | Found a sparkling altar of Nemelex Xobeh.
  7024 | D:7      | Noticed Wiebster667's ghost (novice HuFi)
  7026 | D:7      | Found a transporter.
  7027 | D:7      | Found a transporter.
  7435 | D:7      | Noticed Pikel
  7620 | D:6      | Killed Pikel
  7849 | D:7      | Found a blossoming altar of Fedhas.
  7885 | D:7      | Found a glowing golden altar of the Shining One.
  8183 | D:8      | Reached ***** piety under Trog
  8223 | D:8      | Reached XP level 10. HP: 75/80 MP: 10/10
  8333 | D:8      | Noticed a two-headed ogre
  8343 | D:8      | Killed a two-headed ogre
  8343 | D:8      | Reached skill level 1 in Evocations
  8780 | D:9      | HP: 4/82 [troll (11)]
  8780 | D:9      | Slain by an orc

Levels and vault maps discovered:
D:1:      nzn_arrival_settlement, layout_loops_ring, minmay_misc_feat_doors,
          chequers_serial_rivers_small_3
D:2:      layout_rooms, minmay_strange_pillars, guppyfry_early_orc_mine
D:3:      layout_basic, grunt_temple_overflow_open, portal_sewer_entry_d,
          serial_glass, glass_columns_b, glass_columns_a
D:4:      layout_loops_cross, temple_green, first_ration,
          gup_ossuary_entry_pyramid, nicolae_elemental_shop, uniq_sigmund
D:5:      layout_basic, cheibriados_altar_1, serial_shops, kennysheep_mini,
          kennysheep_generic_room_15
D:6:      layout_basic, minmay_misc_feat_enclosed, glass_columns_a,
          hangedman_decor_points, lemuel_tele_altar
D:7:      layout_loops_cross, lemuel_round_altar, gammafunk_ghost_smash,
          kennysheep_flooded_box, chequers_serial_rivers_large_a, uniq_pikel
D:8:      layout_basic
D:9:      layout_cave_pools, zombieorc2_lemuel, basic_altar

Skill      XL: |  1  2  3  4  5  6  7  8  9 10 |
---------------+-------------------------------+-----
Polearms       | 5 6 7 8 9 10 11 12 | 12.1
Dodging        | 3 4 5 7 9 12 | 12.7
Fighting       | 4 5 6 7 8 |  8.4
Evocations     | 1 |  1.5
Armour         | |  1.3

Action                   |  1- 3 |  4- 6 |  7- 9 | 10-12 || total
-------------------------+-------+-------+-------+-------++-------
Melee: Spear             |   136 |   237 |    50 |       ||   423
       Scythe            |       |       |   339 |    59 ||   398
       Halberd           |       |       |     7 |       ||     7
Invok: Berserk           |     1 |     3 |     6 |     1 ||    11
       Trog's Hand       |       |     1 |     2 |       ||     3
 Stab: Sleeping          |     2 |     2 |     5 |       ||     9
       Distracted        |       |       |     1 |       ||     1
  Eat: Chunk             |       |    11 |    19 |     3 ||    33
       Ration            |       |       |     1 |       ||     1
Armor: Animal skin       |     4 |    17 |    39 |     6 ||    66
Dodge: Dodged            |    60 |   147 |   549 |    80 ||   836

Table legend:
 A = Non-vault XP
 B = Vault XP
 C = Vault XP percentage of total XP
 D = Non-vault monster count
 E = Vault monster count
 F = Vault count percentage of total count
                 A         B        C        D         E       F
            +---------+---------+-------+---------+---------+-------
      Total |    5157 |    1015 |  16.4 |     175 |      13 |   6.9
            +---------+---------+-------+---------+---------+-------
        D:1 |      66 |       0 |   0.0 |      30 |       0 |   0.0
        D:2 |     103 |      17 |  14.2 |      17 |       7 |  29.2
        D:3 |      72 |      13 |  15.3 |      19 |       1 |   5.0
        D:4 |     419 |     228 |  35.2 |      16 |       2 |  11.1
        D:5 |     530 |     128 |  19.5 |      14 |       2 |  12.5
        D:6 |    1206 |     629 |  34.3 |      28 |       1 |   3.4
        D:7 |     689 |       0 |   0.0 |      23 |       0 |   0.0
        D:8 |    1904 |       0 |   0.0 |      25 |       0 |   0.0
        D:9 |     168 |       0 |   0.0 |       3 |       0 |   0.0
            +---------+---------+-------+---------+---------+-------
